Workbook
Name annéeencours: [1]données!$M$2
Name ColumnTitle1: CustomerList[[#Headers],[Réf client]]
Name L_Animal: CustomerList[Nom de l''animal]
Name L_AnimSupp: T_AnimSupp[Animaux suppl.]
Name L_Contact: CustomerList[Contact]
Name L_Nb_visite: T_Nb_visite[Nb de visite]
Name L_Prestation: T_Prestation[Prestation]
Name L_Prix: Paramètres!$B$2:$B$5
Name L_Reglement: T_Reglement[Règlement]
Name L_Remise: T_Remise[Remise]
Name L_Type: T_Type[Type]

Sheet Réservation
A1: Nom de l'animal | B1: Type | C1: Ref animal | D1: Début séjour | E1: Fin séjour | F1: Durée du séjour | G1: Animaux suppl. | H1: Type | I1: Prestation | J1: Nombre de visite | K1: Horaire | N1: Forfait | O1: Montant net | P1: Factures
A4: Colonne1 | B4: Colonne2 | C4: Colonne3 | D4: Colonne4 | E4: Colonne5 | F4: Colonne6 | G4: Colonne7 | H4: Colonne8 | I4: Colonne9 | J4: Colonne10 | K4: Colonne11 | L4: Colonne12 | M4: Colonne13 | N4: Colonne14 | O4: Colonne15 | P4: Colonne16
A5: MEDORE | B5: Chien | C5: =IFERROR(INDEX(CustomerList[Réf client],MATCH(A5,CustomerList[Nom de l''animal],0)),"") -> 13082019RA1 | D5: 43690 | E5: 43697 | F5: =IF(A5<>"",E5-D5,"") -> 7 | G5: 1 | H5: =IFERROR(VLOOKUP(B5,Paramètres!A2:B5,2,0),"") -> 5 | I5: Visite | J5: 2 | N5: =IFERROR(VLOOKUP(B5&" - "&I5,Tableau7[],2,0),"") -> 10 | O5: =IFERROR((F5*N5)*J5+(G5*H5)*F5*J5,"") -> 210
A6: IGGY | B6: Chien | C6: =IFERROR(INDEX(CustomerList[Réf client],MATCH(A6,CustomerList[Nom de l''animal],0)),"") -> 20082019RA3 | D6: 43800 | E6: 43831 | F6: =IF(A6<>"",E6-D6,"") -> 31 | G6: 0 | H6: =IFERROR(VLOOKUP(B6,Paramètres!A3:B6,2,0),"") | I6: Promenade | N6: =IFERROR(VLOOKUP(B6&" - "&I6,Tableau7[],2,0),"") -> 8 | O6: =IFERROR((F6*N6)*J6+(G6*H6)*F6*J6,"")
A7: MINOU | B7: Chat | C7: =IFERROR(INDEX(CustomerList[Réf client],MATCH(A7,CustomerList[Nom de l''animal],0)),"") -> 15082019RA2 | D7: 43692 | E7: 43697 | F7: =IF(A7<>"",E7-D7,"") -> 5 | G7: 2 | H7: =IFERROR(VLOOKUP(B7,Paramètres!A3:B6,2,0),"") -> 2 | I7: Visite | J7: 1 | N7: =IFERROR(VLOOKUP(B7&" - "&I7,Tableau7[],2,0),"") -> 8 | O7: =IFERROR((F7*N7)*J7+(G7*H7)*F7*J7,"") -> 60
A8: IGGY | B8: NAC | C8: =IFERROR(INDEX(CustomerList[Réf client],MATCH(A8,CustomerList[Nom de l''animal],0)),"") -> 20082019RA3 | D8: 43697 | E8: 43713 | F8: =IF(A8<>"",E8-D8,"") -> 16 | G8: 0 | H8: =IFERROR(VLOOKUP(B8,Paramètres!A4:B7,2,0),"") -> 2 | I8: Garde | J8: 1 | N8: =IFERROR(VLOOKUP(B8&" - "&I8,Tableau7[],2,0),"") -> 5 | O8: =IFERROR((F8*N8)*J8+(G8*H8)*F8*J8,"") -> 80
C9: =IFERROR(INDEX(CustomerList[Réf client],MATCH(A9,CustomerList[Nom de l''animal],0)),"") | F9: =IF(A9<>"",E9-D9,"") | H9: =IFERROR(VLOOKUP(B9,Paramètres!A5:B8,2,0),"") | N9: =IFERROR(VLOOKUP(B9&" - "&I9,Tableau7[],2,0),"") | O9: =IFERROR((F9*N9)*J9+(G9*H9)*F9*J9,"")
C10: =IFERROR(INDEX(CustomerList[Réf client],MATCH(A10,CustomerList[Nom de l''animal],0)),"") | F10: =IF(A10<>"",E10-D10,"") | H10: =IFERROR(VLOOKUP(B10,Paramètres!A6:B9,2,0),"") | N10: =IFERROR(VLOOKUP(B10&" - "&I10,Tableau7[],2,0),"") | O10: =IFERROR((F10*N10)*J10+(G10*H10)*F10*J10,"")

Sheet Visuel Planning
A1: 43678 | E1: ="chiffre d'affaires du mois: "&TEXT(SUM(AK4:AK25 )," # ##0,00 €") -> chiffre d'affaires du mois: 270,00 € | AJ1: =annéeencours -> 2019
E2: =E3 -> 43678 | F2: =E2+1 -> 43679 | G2: =F2+1 -> 43680 | H2: =G2+1 -> 43681 | I2: =H2+1 -> 43682 | J2: =I2+1 -> 43683 | K2: =J2+1 -> 43684 | L2: =K2+1 -> 43685 | M2: =L2+1 -> 43686 | ... AI2: =AH2+1 -> 43708
A3: noms de l'animal | B3: Début séjour | C3: Fin séjour | D3: Colonne1 | E3: =A1 -> 43678 | F3: =E3+1 -> 43679 | G3: =F3+1 -> 43680 | H3: =G3+1 -> 43681 | I3: =H3+1 -> 43682 | J3: =I3+1 -> 43683 | K3: =J3+1 -> 43684 | L3: =K3+1 -> 43685 | M3: =L3+1 -> 43686 | ... AE3: =AD3+1 -> 43704 | AF3: =IFERROR(IF(MONTH($A$1)<MONTH(AE3+1),"",AE3+1),"") -> 43705 | AG3: =IFERROR(IF(MONTH($A$1)<MONTH(AF3+1),"",AF3+1),"") -> 43706 | AH3: =IFERROR(IF(MONTH($A$1)<MONTH(AG3+1),"",AG3+1),"") -> 43707 | AI3: =IFERROR(IF(MONTH($A$1)<MONTH(AH3+1),"",AH3+1),"") -> 43708 | AJ3: Total jour | AK3: Total €
A4: MEDORE | B4: =IFERROR(VLOOKUP($A4,Tableau8[],4,0),"") -> 43690 | C4: =IFERROR(VLOOKUP($A4,Tableau8[],5,0)-1,"") -> 43696 | E4: =IF(AND(E$3<=$C4,E$3>=$B4),1,"") | F4: =IF(AND(F$3<=$C4,F$3>=$B4),1,"") | G4: =IF(AND(G$3<=$C4,G$3>=$B4),1,"") | H4: =IF(AND(H$3<=$C4,H$3>=$B4),1,"") | I4: =IF(AND(I$3<=$C4,I$3>=$B4),1,"") | J4: =IF(AND(J$3<=$C4,J$3>=$B4),1,"") | K4: =IF(AND(K$3<=$C4,K$3>=$B4),1,"") | L4: =IF(AND(L$3<=$C4,L$3>=$B4),1,"") | ... AI4: =IF(AND(AI$3<=$C4,AI$3>=$B4),1,"") | AJ4: =SUM(E4:AI4) -> 7 | AK4: =IFERROR(IF($C4>EOMONTH($A$1,0),VLOOKUP($A4,Tableau8[],15,0)/VLOOKUP($A4,Tableau8[],6,0)*AJ4,VLOOKUP($A4,Tableau8[],15,0)/VLOOKUP($A4,Tableau8[],6,0)*AJ4),"") -> 210
A5: MINOU | B5: =IFERROR(VLOOKUP($A5,Tableau8[],4,0),"") -> 43692 | C5: =IFERROR(VLOOKUP($A5,Tableau8[],5,0)-1,"") -> 43696 | E5: =IF(AND(E$3<=$C5,E$3>=$B5),1,"") | F5: =IF(AND(F$3<=$C5,F$3>=$B5),1,"") | G5: =IF(AND(G$3<=$C5,G$3>=$B5),1,"") | H5: =IF(AND(H$3<=$C5,H$3>=$B5),1,"") | I5: =IF(AND(I$3<=$C5,I$3>=$B5),1,"") | J5: =IF(AND(J$3<=$C5,J$3>=$B5),1,"") | K5: =IF(AND(K$3<=$C5,K$3>=$B5),1,"") | L5: =IF(AND(L$3<=$C5,L$3>=$B5),1,"") | ... AI5: =IF(AND(AI$3<=$C5,AI$3>=$B5),1,"") | AJ5: =SUM(E5:AI5) -> 5 | AK5: =IFERROR(IF($C5>EOMONTH($A$1,0),VLOOKUP($A5,Tableau8[],15,0)/VLOOKUP($A5,Tableau8[],6,0)*AJ5,VLOOKUP($A5,Tableau8[],15,0)/VLOOKUP($A5,Tableau8[],6,0)*AJ5),"") -> 60
A6: IGGY | B6: =IFERROR(VLOOKUP($A6,Tableau8[],4,0),"") -> 43800 | C6: =IFERROR(VLOOKUP($A6,Tableau8[],5,0)-1,"") -> 43830 | E6: =IF(AND(E$3<=$C6,E$3>=$B6),1,"") | F6: =IF(AND(F$3<=$C6,F$3>=$B6),1,"") | G6: =IF(AND(G$3<=$C6,G$3>=$B6),1,"") | H6: =IF(AND(H$3<=$C6,H$3>=$B6),1,"") | I6: =IF(AND(I$3<=$C6,I$3>=$B6),1,"") | J6: =IF(AND(J$3<=$C6,J$3>=$B6),1,"") | K6: =IF(AND(K$3<=$C6,K$3>=$B6),1,"") | L6: =IF(AND(L$3<=$C6,L$3>=$B6),1,"") | ... AI6: =IF(AND(AI$3<=$C6,AI$3>=$B6),1,"") | AJ6: =SUM(E6:AI6) -> 0 | AK6: =IFERROR(IF($C6>EOMONTH($A$1,0),VLOOKUP($A6,Tableau8[],15,0)/VLOOKUP($A6,Tableau8[],6,0)*AJ6,VLOOKUP($A6,Tableau8[],15,0)/VLOOKUP($A6,Tableau8[],6,0)*AJ6),"")
B7: =IFERROR(VLOOKUP($A7,Tableau8[],4,0),"") | C7: =IFERROR(VLOOKUP($A7,Tableau8[],5,0)-1,"") | E7: =IF(AND(E$3<=$C7,E$3>=$B7),1,"") | F7: =IF(AND(F$3<=$C7,F$3>=$B7),1,"") | G7: =IF(AND(G$3<=$C7,G$3>=$B7),1,"") | H7: =IF(AND(H$3<=$C7,H$3>=$B7),1,"") | I7: =IF(AND(I$3<=$C7,I$3>=$B7),1,"") | J7: =IF(AND(J$3<=$C7,J$3>=$B7),1,"") | K7: =IF(AND(K$3<=$C7,K$3>=$B7),1,"") | L7: =IF(AND(L$3<=$C7,L$3>=$B7),1,"") | ... AI7: =IF(AND(AI$3<=$C7,AI$3>=$B7),1,"") | AJ7: =SUM(E7:AI7) -> 0 | AK7: =IFERROR(IF($C7>EOMONTH($A$1,0),VLOOKUP($A7,Tableau8[],15,0)/VLOOKUP($A7,Tableau8[],6,0)*AJ7,VLOOKUP($A7,Tableau8[],15,0)/VLOOKUP($A7,Tableau8[],6,0)*AJ7),"")
B8: =IFERROR(VLOOKUP($A8,Tableau8[],4,0),"") | C8: =IFERROR(VLOOKUP($A8,Tableau8[],5,0)-1,"") | E8: =IF(AND(E$3<=$C8,E$3>=$B8),1,"") | F8: =IF(AND(F$3<=$C8,F$3>=$B8),1,"") | G8: =IF(AND(G$3<=$C8,G$3>=$B8),1,"") | H8: =IF(AND(H$3<=$C8,H$3>=$B8),1,"") | I8: =IF(AND(I$3<=$C8,I$3>=$B8),1,"") | J8: =IF(AND(J$3<=$C8,J$3>=$B8),1,"") | K8: =IF(AND(K$3<=$C8,K$3>=$B8),1,"") | L8: =IF(AND(L$3<=$C8,L$3>=$B8),1,"") | ... AI8: =IF(AND(AI$3<=$C8,AI$3>=$B8),1,"") | AJ8: =SUM(E8:AI8) -> 0 | AK8: =IFERROR(IF($C8>EOMONTH($A$1,0),VLOOKUP($A8,Tableau8[],15,0)/VLOOKUP($A8,Tableau8[],6,0)*AJ8,VLOOKUP($A8,Tableau8[],15,0)/VLOOKUP($A8,Tableau8[],6,0)*AJ8),"")
B9: =IFERROR(VLOOKUP($A9,Tableau8[],4,0),"") | C9: =IFERROR(VLOOKUP($A9,Tableau8[],5,0)-1,"") | E9: =IF(AND(E$3<=$C9,E$3>=$B9),1,"") | F9: =IF(AND(F$3<=$C9,F$3>=$B9),1,"") | G9: =IF(AND(G$3<=$C9,G$3>=$B9),1,"") | H9: =IF(AND(H$3<=$C9,H$3>=$B9),1,"") | I9: =IF(AND(I$3<=$C9,I$3>=$B9),1,"") | J9: =IF(AND(J$3<=$C9,J$3>=$B9),1,"") | K9: =IF(AND(K$3<=$C9,K$3>=$B9),1,"") | L9: =IF(AND(L$3<=$C9,L$3>=$B9),1,"") | ... AI9: =IF(AND(AI$3<=$C9,AI$3>=$B9),1,"") | AJ9: =SUM(E9:AI9) -> 0 | AK9: =IFERROR(IF($C9>EOMONTH($A$1,0),VLOOKUP($A9,Tableau8[],15,0)/VLOOKUP($A9,Tableau8[],6,0)*AJ9,VLOOKUP($A9,Tableau8[],15,0)/VLOOKUP($A9,Tableau8[],6,0)*AJ9),"")
B10: =IFERROR(VLOOKUP($A10,Tableau8[],4,0),"") | C10: =IFERROR(VLOOKUP($A10,Tableau8[],5,0)-1,"") | E10: =IF(AND(E$3<=$C10,E$3>=$B10),1,"") | F10: =IF(AND(F$3<=$C10,F$3>=$B10),1,"") | G10: =IF(AND(G$3<=$C10,G$3>=$B10),1,"") | H10: =IF(AND(H$3<=$C10,H$3>=$B10),1,"") | I10: =IF(AND(I$3<=$C10,I$3>=$B10),1,"") | J10: =IF(AND(J$3<=$C10,J$3>=$B10),1,"") | K10: =IF(AND(K$3<=$C10,K$3>=$B10),1,"") | L10: =IF(AND(L$3<=$C10,L$3>=$B10),1,"") | ... AI10: =IF(AND(AI$3<=$C10,AI$3>=$B10),1,"") | AJ10: =SUM(E10:AI10) -> 0 | AK10: =IFERROR(IF($C10>EOMONTH($A$1,0),VLOOKUP($A10,Tableau8[],15,0)/VLOOKUP($A10,Tableau8[],6,0)*AJ10,VLOOKUP($A10,Tableau8[],15,0)/VLOOKUP($A10,Tableau8[],6,0)*AJ10),"")
B11: =IFERROR(VLOOKUP($A11,Tableau8[],4,0),"") | C11: =IFERROR(VLOOKUP($A11,Tableau8[],5,0)-1,"") | E11: =IF(AND(E$3<=$C11,E$3>=$B11),1,"") | F11: =IF(AND(F$3<=$C11,F$3>=$B11),1,"") | G11: =IF(AND(G$3<=$C11,G$3>=$B11),1,"") | H11: =IF(AND(H$3<=$C11,H$3>=$B11),1,"") | I11: =IF(AND(I$3<=$C11,I$3>=$B11),1,"") | J11: =IF(AND(J$3<=$C11,J$3>=$B11),1,"") | K11: =IF(AND(K$3<=$C11,K$3>=$B11),1,"") | L11: =IF(AND(L$3<=$C11,L$3>=$B11),1,"") | ... AI11: =IF(AND(AI$3<=$C11,AI$3>=$B11),1,"") | AJ11: =SUM(E11:AI11) -> 0 | AK11: =IFERROR(IF($C11>EOMONTH($A$1,0),VLOOKUP($A11,Tableau8[],15,0)/VLOOKUP($A11,Tableau8[],6,0)*AJ11,VLOOKUP($A11,Tableau8[],15,0)/VLOOKUP($A11,Tableau8[],6,0)*AJ11),"")
B12: =IFERROR(VLOOKUP($A12,Tableau8[],4,0),"") | C12: =IFERROR(VLOOKUP($A12,Tableau8[],5,0)-1,"") | E12: =IF(AND(E$3<=$C12,E$3>=$B12),1,"") | F12: =IF(AND(F$3<=$C12,F$3>=$B12),1,"") | G12: =IF(AND(G$3<=$C12,G$3>=$B12),1,"") | H12: =IF(AND(H$3<=$C12,H$3>=$B12),1,"") | I12: =IF(AND(I$3<=$C12,I$3>=$B12),1,"") | J12: =IF(AND(J$3<=$C12,J$3>=$B12),1,"") | K12: =IF(AND(K$3<=$C12,K$3>=$B12),1,"") | L12: =IF(AND(L$3<=$C12,L$3>=$B12),1,"") | ... AI12: =IF(AND(AI$3<=$C12,AI$3>=$B12),1,"") | AJ12: =SUM(E12:AI12) -> 0 | AK12: =IFERROR(IF($C12>EOMONTH($A$1,0),VLOOKUP($A12,Tableau8[],15,0)/VLOOKUP($A12,Tableau8[],6,0)*AJ12,VLOOKUP($A12,Tableau8[],15,0)/VLOOKUP($A12,Tableau8[],6,0)*AJ12),"")
B13: =IFERROR(VLOOKUP($A13,Tableau8[],4,0),"") | C13: =IFERROR(VLOOKUP($A13,Tableau8[],5,0)-1,"") | E13: =IF(AND(E$3<=$C13,E$3>=$B13),1,"") | F13: =IF(AND(F$3<=$C13,F$3>=$B13),1,"") | G13: =IF(AND(G$3<=$C13,G$3>=$B13),1,"") | H13: =IF(AND(H$3<=$C13,H$3>=$B13),1,"") | I13: =IF(AND(I$3<=$C13,I$3>=$B13),1,"") | J13: =IF(AND(J$3<=$C13,J$3>=$B13),1,"") | K13: =IF(AND(K$3<=$C13,K$3>=$B13),1,"") | L13: =IF(AND(L$3<=$C13,L$3>=$B13),1,"") | ... AI13: =IF(AND(AI$3<=$C13,AI$3>=$B13),1,"") | AJ13: =SUM(E13:AI13) -> 0 | AK13: =IFERROR(IF($C13>EOMONTH($A$1,0),VLOOKUP($A13,Tableau8[],15,0)/VLOOKUP($A13,Tableau8[],6,0)*AJ13,VLOOKUP($A13,Tableau8[],15,0)/VLOOKUP($A13,Tableau8[],6,0)*AJ13),"")
B14: =IFERROR(VLOOKUP($A14,Tableau8[],4,0),"") | C14: =IFERROR(VLOOKUP($A14,Tableau8[],5,0)-1,"") | E14: =IF(AND(E$3<=$C14,E$3>=$B14),1,"") | F14: =IF(AND(F$3<=$C14,F$3>=$B14),1,"") | G14: =IF(AND(G$3<=$C14,G$3>=$B14),1,"") | H14: =IF(AND(H$3<=$C14,H$3>=$B14),1,"") | I14: =IF(AND(I$3<=$C14,I$3>=$B14),1,"") | J14: =IF(AND(J$3<=$C14,J$3>=$B14),1,"") | K14: =IF(AND(K$3<=$C14,K$3>=$B14),1,"") | L14: =IF(AND(L$3<=$C14,L$3>=$B14),1,"") | ... AI14: =IF(AND(AI$3<=$C14,AI$3>=$B14),1,"") | AJ14: =SUM(E14:AI14) -> 0 | AK14: =IFERROR(IF($C14>EOMONTH($A$1,0),VLOOKUP($A14,Tableau8[],15,0)/VLOOKUP($A14,Tableau8[],6,0)*AJ14,VLOOKUP($A14,Tableau8[],15,0)/VLOOKUP($A14,Tableau8[],6,0)*AJ14),"")
B15: =IFERROR(VLOOKUP($A15,Tableau8[],4,0),"") | C15: =IFERROR(VLOOKUP($A15,Tableau8[],5,0)-1,"") | E15: =IF(AND(E$3<=$C15,E$3>=$B15),1,"") | F15: =IF(AND(F$3<=$C15,F$3>=$B15),1,"") | G15: =IF(AND(G$3<=$C15,G$3>=$B15),1,"") | H15: =IF(AND(H$3<=$C15,H$3>=$B15),1,"") | I15: =IF(AND(I$3<=$C15,I$3>=$B15),1,"") | J15: =IF(AND(J$3<=$C15,J$3>=$B15),1,"") | K15: =IF(AND(K$3<=$C15,K$3>=$B15),1,"") | L15: =IF(AND(L$3<=$C15,L$3>=$B15),1,"") | ... AI15: =IF(AND(AI$3<=$C15,AI$3>=$B15),1,"") | AJ15: =SUM(E15:AI15) -> 0 | AK15: =IFERROR(IF($C15>EOMONTH($A$1,0),VLOOKUP($A15,Tableau8[],15,0)/VLOOKUP($A15,Tableau8[],6,0)*AJ15,VLOOKUP($A15,Tableau8[],15,0)/VLOOKUP($A15,Tableau8[],6,0)*AJ15),"")
B16: =IFERROR(VLOOKUP($A16,Tableau8[],4,0),"") | C16: =IFERROR(VLOOKUP($A16,Tableau8[],5,0)-1,"") | E16: =IF(AND(E$3<=$C16,E$3>=$B16),1,"") | F16: =IF(AND(F$3<=$C16,F$3>=$B16),1,"") | G16: =IF(AND(G$3<=$C16,G$3>=$B16),1,"") | H16: =IF(AND(H$3<=$C16,H$3>=$B16),1,"") | I16: =IF(AND(I$3<=$C16,I$3>=$B16),1,"") | J16: =IF(AND(J$3<=$C16,J$3>=$B16),1,"") | K16: =IF(AND(K$3<=$C16,K$3>=$B16),1,"") | L16: =IF(AND(L$3<=$C16,L$3>=$B16),1,"") | ... AI16: =IF(AND(AI$3<=$C16,AI$3>=$B16),1,"") | AJ16: =SUM(E16:AI16) -> 0 | AK16: =IFERROR(IF($C16>EOMONTH($A$1,0),VLOOKUP($A16,Tableau8[],15,0)/VLOOKUP($A16,Tableau8[],6,0)*AJ16,VLOOKUP($A16,Tableau8[],15,0)/VLOOKUP($A16,Tableau8[],6,0)*AJ16),"")
B17: =IFERROR(VLOOKUP($A17,Tableau8[],4,0),"") | C17: =IFERROR(VLOOKUP($A17,Tableau8[],5,0)-1,"") | E17: =IF(AND(E$3<=$C17,E$3>=$B17),1,"") | F17: =IF(AND(F$3<=$C17,F$3>=$B17),1,"") | G17: =IF(AND(G$3<=$C17,G$3>=$B17),1,"") | H17: =IF(AND(H$3<=$C17,H$3>=$B17),1,"") | I17: =IF(AND(I$3<=$C17,I$3>=$B17),1,"") | J17: =IF(AND(J$3<=$C17,J$3>=$B17),1,"") | K17: =IF(AND(K$3<=$C17,K$3>=$B17),1,"") | L17: =IF(AND(L$3<=$C17,L$3>=$B17),1,"") | ... AI17: =IF(AND(AI$3<=$C17,AI$3>=$B17),1,"") | AJ17: =SUM(E17:AI17) -> 0 | AK17: =IFERROR(IF($C17>EOMONTH($A$1,0),VLOOKUP($A17,Tableau8[],15,0)/VLOOKUP($A17,Tableau8[],6,0)*AJ17,VLOOKUP($A17,Tableau8[],15,0)/VLOOKUP($A17,Tableau8[],6,0)*AJ17),"")
B18: =IFERROR(VLOOKUP($A18,Tableau8[],4,0),"") | C18: =IFERROR(VLOOKUP($A18,Tableau8[],5,0)-1,"") | E18: =IF(AND(E$3<=$C18,E$3>=$B18),1,"") | F18: =IF(AND(F$3<=$C18,F$3>=$B18),1,"") | G18: =IF(AND(G$3<=$C18,G$3>=$B18),1,"") | H18: =IF(AND(H$3<=$C18,H$3>=$B18),1,"") | I18: =IF(AND(I$3<=$C18,I$3>=$B18),1,"") | J18: =IF(AND(J$3<=$C18,J$3>=$B18),1,"") | K18: =IF(AND(K$3<=$C18,K$3>=$B18),1,"") | L18: =IF(AND(L$3<=$C18,L$3>=$B18),1,"") | ... AI18: =IF(AND(AI$3<=$C18,AI$3>=$B18),1,"") | AJ18: =SUM(E18:AI18) -> 0 | AK18: =IFERROR(IF($C18>EOMONTH($A$1,0),VLOOKUP($A18,Tableau8[],15,0)/VLOOKUP($A18,Tableau8[],6,0)*AJ18,VLOOKUP($A18,Tableau8[],15,0)/VLOOKUP($A18,Tableau8[],6,0)*AJ18),"")
... B25: =IFERROR(VLOOKUP($A25,Tableau8[],4,0),"") | C25: =IFERROR(VLOOKUP($A25,Tableau8[],5,0)-1,"") | E25: =IF(AND(E$3<=$C25,E$3>=$B25),1,"") | F25: =IF(AND(F$3<=$C25,F$3>=$B25),1,"") | G25: =IF(AND(G$3<=$C25,G$3>=$B25),1,"") | H25: =IF(AND(H$3<=$C25,H$3>=$B25),1,"") | I25: =IF(AND(I$3<=$C25,I$3>=$B25),1,"") | J25: =IF(AND(J$3<=$C25,J$3>=$B25),1,"") | K25: =IF(AND(K$3<=$C25,K$3>=$B25),1,"") | L25: =IF(AND(L$3<=$C25,L$3>=$B25),1,"") | ... AI25: =IF(AND(AI$3<=$C25,AI$3>=$B25),1,"") | AJ25: =SUM(E25:AI25) -> 0 | AK25: =IFERROR(IF($C25>EOMONTH($A$1,0),VLOOKUP($A25,Tableau8[],15,0)/VLOOKUP($A25,Tableau8[],6,0)*AJ25,VLOOKUP($A25,Tableau8[],15,0)/VLOOKUP($A25,Tableau8[],6,0)*AJ25),"")

Sheet facturation
A1: société
A3: adresse
A4: CP, Ville
A5: Téléphone
A6: Email
A7: N° Siren
A9: Facture
A11: N° Facture : | E11: Facturer à : | F11: IGGY
A12: Date : | F12: =INDEX(CustomerList[Contact],MATCH(F11,CustomerList[Nom de l''animal],0)) -> BERTRAND LEGRAND
A13: Réf : | F13: =INDEX(CustomerList[Adresse],MATCH(F11,CustomerList[Nom de l''animal],0)) -> 1 Allée des roses
F14: =INDEX(CustomerList[Ville],MATCH(F11,CustomerList[Nom de l''animal],0)) -> Angouleme
A17: Séjour | C17: Du | D17: =VLOOKUP(F11,Tableau8[],4,0) -> 43800 | E17: AU | F17: =VLOOKUP(F11,Tableau8[],5,0) -> 43831
A18: Date | B18: N° Facture | C18: Forfait journalier | E18: Remise | G18: Type | H18: Montant net | I18: Paiement
A19: =TODAY() -> 43691 | E19: 0.05 | G19: =VLOOKUP(F11,Tableau8[],9,0) -> Promenade | H19: =VLOOKUP(F11,Tableau8[],15,0)-VLOOKUP(F11,Tableau8[],15,0)*E19 -> #VALUE! | I19: Chèque
A23: Rappel : Merci d’inclure le numéro de facture sur votre chèque.
A25: note :
A41: La facture se règle en deux parties 50% le jour du début de la prestation et l'autre partie de 50% à la fin de la prestation
A43: TVA non applicable, art 293 B du CGI | G43: SIREN | H43: xxx-xxx-xxx-xxxxx

Sheet Liste de contacts client
A1: LISTE DES CONTACTS
A2: Réf client | B2: Nom de l'animal | C2: Contact | D2: Adresse | E2: Téléphone | F2: Ville | G2: E-mail | H2: Garde ou Visite | I2: Alimentation | J2: Contenant | K2: Quantité | L2: Ok Eau | M2: Ok enfant | N2: ok voiture | O2: Notes
A3: 13082019RA1 | B3: MEDORE | C3: MELISSA DUPONT | D3: 100 avenue de la republique | E3: 06 00 00 00 00 | F3: TOULOUSE | G3: MEDORE@GMAIL.COM | H3: v | I3: CROQUETTES | J3: GOBELET | K3: 2 MAT / 2 SOIR | L3: OUI | M3: OUI | N3: OUI
A4: 15082019RA2 | B4: MINOU | C4: AURELIE CLEMENT | D4: 96 rue de strasbourg | E4: 07 01 01 01 01 | F4: PERPIGNAN | G4: MINOU@HOTMAIL.FR | H4: G | I4: CROQUETTES | J4: DÉJÀ PREPARE | K4: 1 MAT / 1 SOIR | L4: OUI | M4: OUI | N4: OUI
A5: 20082019RA3 | B5: IGGY | C5: BERTRAND LEGRAND | D5: 1 Allée des roses | E5: 102030405 | F5: Angouleme | G5: iggy@free,fr | H5: G | I5: CROQUETTES | J5: DÉJÀ PREPARE | K5: 1 MAT / 1 SOIR | L5: OUI | M5: OUI | N5: OUI

Sheet Paramètres
A1: Type | B1: Prix | D1: Animaux suppl. | F1: Prestation | H1: Nb de visite | J1: Forfait journalier | K1: Prix | M1: Remise | O1: Règlement
A2: Chien | B2: 5 | D2: 0 | F2: Visite | H2: 1 | J2: chien - garde | K2: 15 | M2: 0 | O2: Especes
A3: Chat | B3: 2 | D3: 1 | F3: Garde | H3: 2 | J3: chien - visite | K3: 10 | M3: 0.05 | O3: Chèque
A4: Oiseau | B4: 2 | D4: 2 | F4: Promenade | H4: 3 | J4: chien - promenade | K4: 8 | M4: 0.1
A5: NAC | B5: 2 | D5: 3 | F5: Autre | J5: chat - garde | K5: 7 | M5: 0.15
D6: 4 | J6: chat - visite | K6: 8 | M6: 0.2
J7: NAC - garde | K7: 5 | M7: 0.25
J8: NAC - visite | K8: 7 | M8: 0.3
J9: oiseau - garde | K9: 5 | M9: 0.35
J10: oiseau - visite | K10: 7 | M10: 0.4
M11: 0.45
M12: 0.5
M13: 0.55
M14: 0.6
M15: 0.65
M16: 0.7
M17: 0.75
M18: 0.8
M19: 0.85
M20: 0.9
M21: 0.95
M22: 1
